 Dungeon Crawl Stone Soup version 0.25-a0-734-g73332aeda9 (webtiles) character file.

Game seed: 17383688404587307936, levelgen mode: deterministic

60 Error4North the Skirmisher (level 3, 0/45 HPs)
             Began as a Demonspawn Berserker on Apr 10, 2020.
             Was a Follower of Trog.
             Succumbed to an adder's poison
             ... on level 2 of the Dungeon.
             The game lasted 00:02:25 (899 turns).

Error4North the Skirmisher (Demonspawn Berserker)    Turns: 899, Time: 00:02:26

Health: 0/45       AC:  2    Str: 18    XL:     3   Next: 82%
Magic:  3/3        EV: 12    Int:  8    God:    Trog [*.....]
Gold:   26         SH:  0    Dex: 12    Spells: 2/2 levels left

rFire    . . .     SeeInvis .   a - +0 hand axe
rCold    . . .     Gourm    .   (no shield)
rNeg     . . .     Faith    .   b - +0 animal skin
rPois    .         Spirit   .   (helmet restricted)
rElec    .         Reflect  .   (no cloak)
rCorr    .         Harm     .   (no gloves)
MR       .....                  (no boots)
Stlth    ..........             (no amulet)
HPRegen  0.15/turn              (no ring)
MPRegen  0.08/turn              (no ring)

@: berserking, lethally poisoned (0 -> -2), very quick
A: antennae 1
a: Berserk, Renounce Religion


You were on level 2 of the Dungeon.
You worshipped Trog.
Trog was aware of your devotion.
You were near starving.

You visited 1 branch of the dungeon, and saw 2 of its levels.

You collected 26 gold pieces.

Inventory:

Hand Weapons
 a - a +0 hand axe (weapon)
Armour
 b - a +0 animal skin (worn)
Scrolls
 d - a scroll of enchant armour {unknown}
 g - a scroll of fear {unknown}
Potions
 e - a potion of lignification {unknown}
 h - a potion of curing {unknown}
 i - a potion of berserk rage {unknown}
Comestibles
 c - a ration


   Skills:
 + Level 3.7 Fighting
 + Level 3.6 Axes
 + Level 1.9 Armour
 + Level 2.0 Dodging


You had 2 spell levels left.
You didn't know any spells.
Your spell library was empty.

Dungeon Overview and Level Annotations

Branches:
Dungeon (2/15)

Altars:
Okawaru


Innate Abilities, Weirdness & Mutations

You have a pair of small antennae on your head.


Message History

You hit the bullfrog skeleton. The adder closely misses you.
The bullfrog skeleton hits you.
* * * LOW HITPOINT WARNING * * *
The adder barely misses you.
You slash the adder!
You feel the power of Trog in you as your rage grows.
You kill the adder!
Trog accepts your kill.
You have reached level 3!
Your experience leads to an increase in your attributes!
Increase (S)trength, (I)ntelligence, or (D)exterity?
You feel stronger.
You slash the bullfrog skeleton!
You destroy the bullfrog skeleton!
Trog accepts your kill.
Your Dodging skill increases to level 2!
You slash the dart slug!
You kill the dart slug!
Trog accepts your kill.
You die...

....... .......
.......
......#######
#...<....#
#.#.####.#
##.##.#....#.#.
...............
##.##.#@####.#.
#.#.[....# .
.........
##..........
#####.##### ..
.#. ##+#


There were no monsters in sight!

Vanquished Creatures
  A bullfrog skeleton (D:2)
  An adder (D:2)
  2 dart slugs
  A bat (D:1)
  6 goblins (D:1)
  2 hobgoblins (D:1)
  5 kobolds (D:1)
  3 rats (D:1)
21 creatures vanquished.

Notes
Turn   | Place    | Note
-------+----------+-------------------------------------------
     0 | D:1      | Error4North the Demonspawn Berserker began the quest for
                  | the Orb.
     0 | D:1      | Reached XP level 1. HP: 18/18 MP: 1/1
   211 | D:1      | Gained mutation: You have a pair of small antennae on your
                  | head. [demonic ancestry]
   211 | D:1      | Reached XP level 2. HP: 16/24 MP: 2/2
   509 | D:1      | Found an iron altar of Okawaru.
   897 | D:2      | HP: 1/36 [bullfrog skeleton (2)]
   898 | D:2      | Reached XP level 3. HP: 1/29 MP: 3/3
   899 | D:2      | Succumbed to an adder's poison

Levels and vault maps discovered:
D:1:      co_arrival_two_rings, layout_loops_ring, wad_floor_pattern_2,
          okawaru_ov_weapons_minmay
D:2:      layout_basic, kennysheep_generic_room_14, uniq_crazy_yiuf_cottage,
          uniq_robin

Skill      XL: |  1  2  3 |
---------------+----------+-----
Axes           | 3 |  3.6
Dodging        | 2 |  2.0
Fighting       | |  3.7
Armour         | |  1.9

Action                   || total
-------------------------++-------
Melee: Hand axe          ||    40
Invok: Berserk           ||     3
  Eat: Chunk             ||     1
Armor: Animal skin       ||    10
Dodge: Dodged            ||    32

Table legend:
 A = Non-vault XP
 B = Vault XP
 C = Vault XP percentage of total XP
 D = Non-vault monster count
 E = Vault monster count
 F = Vault count percentage of total count
                 A         B        C        D         E       F
            +---------+---------+-------+---------+---------+-------
      Total |      87 |       0 |   0.0 |      21 |       0 |   0.0
            +---------+---------+-------+---------+---------+-------
        D:1 |      31 |       0 |   0.0 |      18 |       0 |   0.0
        D:2 |      56 |       0 |   0.0 |       3 |       0 |   0.0
            +---------+---------+-------+---------+---------+-------
